AoeStats
← blb_00

Nomad

507977816Analyzed
2v2 RM · 11d ago on Sep 20, 2026· 53m 35s· 4 players
Game mode
Random Map
Map size
176×176
Population
200
Speed
Normal
Resources
Standard
Victory
Conquest
Starting age
Dark Age
Ending age
Imperial Age
RankedLock teamsTeams togetherTeam positionsShared explorationLock speedFull tech treeHidden civsTurbo modeCheats
Victory
Defeat
🇫🇷 Cumans · France
775
+15
🇫🇷 Sicilians · France
758
+15
🇪🇸 Byzantines · Spain
773
-16
🇳🇱 Turks · Netherlands
730
-14
k1Rbyh.
12:42 Loom
14:44 Feudal Age
15:13 Horse Collar
16:06 Double-Bit Axe
16:44 Fishing Lines
20:09 Wheelbarrow
23:46 Castle Age
21:51 Gold Mining
23:58 Bloodlines
24:01 Forging
24:09 Scale Barding Armor
25:38 Husbandry
26:00 Gillnets
26:28 Heavy Plow
26:39 Bow Saw
27:17 Iron Casting
30:14 Hand Cart
33:43 Medium Warships
38:08 Imperial Age
37:51 Thumb Ring
38:48 Sipahi
40:41 Fletching
40:53 Padded Archer Armor
42:03 Ballistics
42:03 Bombard Tower
42:15 Heavy Warships
41:25 Elite Cannon Galleon
41:51 Elite Janissary
42:34 Artillery
42:56 Conscription
43:27 Treadmill Crane
44:13 Shipwright
blb_00
3:50 Loom
16:38 Feudal Age
17:04 Horse Collar
17:12 Double-Bit Axe
22:20 Wheelbarrow
25:20 Castle Age
25:15 Fishing Lines
27:18 Heavy Plow
28:13 Gillnets
29:00 Hand Cart
29:26 Gold Mining
29:28 Stone Mining
29:51 Bow Saw
34:46 Forging
34:42 Scale Barding Armor
34:28 Fletching
39:06 Imperial Age
40:32 Stone Shaft Mining
40:32 Gold Shaft Mining
43:01 Heavy Camel Rider
46:23 Chain Barding Armor
46:38 Iron Casting
48:36 Iron Casting
48:36 Plate Barding Armor
julusss51
3:27 Loom
17:18 Feudal Age
21:09 Castle Age
28:50 Forging
28:46 Scale Barding Armor
30:27 Fishing Lines
32:31 Bloodlines
32:23 Gold Mining
34:08 Gold Shaft Mining
35:02 Iron Casting
35:21 Wheelbarrow
38:47 Imperial Age
36:55 Steppe Husbandry
36:43 Horse Collar
37:31 Chain Barding Armor
38:57 Hand Cart
39:51 Conscription
38:55 Elite Steppe Lancer
40:03 Clinker Construction
40:02 Caravan
42:15 Blast Furnace
42:17 Plate Barding Armor
48:42 Spies/Treason
The Rock 49
4:52 Loom
16:59 Feudal Age
23:42 Castle Age
21:29 Town Watch
22:20 Wheelbarrow
23:32 Forging
23:39 Scale Mail Armor
26:38 Man-at-Arms
28:18 Long Swordsman
29:18 Gambesons
29:34 Squires
29:20 Arson
32:23 Iron Casting
37:27 Chain Mail Armor
37:41 Double-Bit Axe
38:13 Fishing Lines
42:24 Imperial Age
42:31 Hand Cart
42:35 Capped Ram
42:40 Two-Handed Swordsman
43:37 Champion
47:36 Blast Furnace
50:46 Medium Warships
52:29 Heavy Warships
Connection lost

Rejoining the realm…

Still unreachable

The connection could not be restored.

Session expired

The server has moved on; the page needs a fresh start.